 Dungeon Crawl Stone Soup version 0.27-a0-333-gfa571bf19a (webtiles) character file.

Game seed: 7072162929891132213

210 kae the Chopper (level 5, -1/47 HPs)
             Began as a Hill Orc Fighter on Feb 12, 2021.
             Was a Follower of Makhleb.
             Killed from afar by Sigmund (6 damage)
             ... with a puff of flame
             ... on level 3 of the Dungeon.
             The game lasted 00:02:20 (4487 turns).

kae the Chopper (Hill Orc Fighter)                  Turns: 4487, Time: 00:02:20

Health: -1/47      AC:  9    Str: 20    XL:     5   Next: 88%
Magic:  6/6        EV:  7    Int:  8    God:    Makhleb [*.....]
Gold:   191        SH:  0    Dex: 10    Spells: 4/4 levels left

rFire    . . .     SeeInvis .   a - +1 war axe
rCold    . . .     Faith    .   c - +0 kite shield
rNeg     . . .     Spirit   .   b - +0 scale mail
rPois    .         Reflect  .   (no helmet)
rElec    .         Harm     .   (no cloak)
rCorr    .         Rampage  .   (no gloves)
Will     .....                  s - +1 pair of boots
Stlth    ..........             (no amulet)
HPRegen  0.15/turn              (no ring)
MPRegen  0.10/turn              (no ring)

@: confused
A: no striking features
a: Renounce Religion


You were on level 3 of the Dungeon.
You worshipped Makhleb.
Makhleb was aware of your devotion.
You visited 1 branch of the dungeon, and saw 4 of its levels.

You collected 191 gold pieces.

Inventory:

Hand Weapons
 a - a +1 war axe (weapon)
Armour
 b - a +0 scale mail (worn)
 c - a +0 kite shield (worn)
 s - a +1 pair of boots (worn)
Jewellery
 m - a +4 ring of protection {unknown}
Scrolls
 g - 2 scrolls of teleportation
 h - 6 scrolls of identify
 k - a scroll of enchant weapon
 n - 2 scrolls of amnesia {unknown}
 r - 3 scrolls of fear {unknown}
Potions
 d - 2 potions of might
 f - a potion of cancellation
 i - a potion of brilliance
 j - 2 potions of berserk rage {unknown}
 l - a potion of haste {unknown}
 o - a potion of curing {unknown}
 p - a potion of resistance {unknown}
 q - 2 potions of flight {unknown}
 t - a potion of mutation {unknown}


   Skills:
 + Level 4.5 Fighting
 * Level 5.0 Axes
 + Level 4.1 Armour
 + Level 1.5 Dodging
 - Level 3.2 Shields
 * Level 2.5 Invocations


You had 4 spell levels left.
You didn't know any spells.
Your spell library was empty.

Dungeon Overview and Level Annotations

Branches:
Dungeon (4/15)
 Temple: D:4-7

Altars:
Ashenzari
Makhleb
Nemelex Xobeh
Okawaru
Trog
Yredelemnul

Annotations:
D:3 1 transporter, Sigmund


Message History

No target in view!
No target in view!
No target in view!
No target in view!
No target in view!
No target in view!
You closely miss something. Something hits you.
You closely miss something.
You hear some strange, mumbled words.
Something tries to affect you, but you resist.
You hit something but do no damage. Something hits you.
You hit something. Something hits you.
You barely miss something. Something hits you but does no damage.
You closely miss something.
You hear some strange, mumbled words.
Something tries to affect you, but you resist.
You slash something! You block something's attack.
You miss something.
You hear some strange, mumbled words.
A puff of flame appears from out of thin air!
The puff of flame hits you. Something hits you.
You miss something.
You hear some strange, mumbled words.
A magic dart appears from out of thin air!
The magic dart hits you.
You barely miss something. Something hits you but does no damage.
You hit something. Something hits you!
You miss something. Something hits you but does no damage.
Your shield and scale mail prevent you from hitting something.
Something hits you.
You closely miss something. Something hits you!
* * * LOW HITPOINT WARNING * * *
You barely miss something. Something hits you!
* * * LOW HITPOINT WARNING * * *
You are confused.
You feel invigorated.
You hear a zap.
A puff of flame appears from out of thin air!
The puff of flame hits you.
You die...

(≈,,≈≈≈≈≈,,,,,**,,,,,,,,,,,,* #.
≈≈,≈*≈≈≈≈≈.#..##.#,,,,,,,,,,* ##.
≈≈8≈≈≈≈≈≈≈≈.......,,,*,*,,,,* #..
≈8,,≈≈≈≈≈≈≈.......****,*,,,,*##.#
≈,<,≈≈≈≈≈≈.......#* *,,*****#>.#
≈,,,≈≈≈≈≈#≈.#..#.## *#,* #.##
≈≈,≈≈≈≈≈≈≈≈.......# #.#### #.##
≈,,≈≈≈≈≈≈≈........#####....###.##
≈,,,≈≈*≈≈......{@....#####.......
≈(,≈≈≈≈≈≈.........##.>.###.......
≈≈≈≈≈*≈≈,.........####...).......
≈≈≈≈≈≈,,*##.......#**#####.......
≈≈,≈≈,,,,........).,,,,,.........
**,,,,,,*##.......##***##........
**,****** #.......# #........
,,,* ######### #........ ,,**
#....####


There were no monsters in sight!

Vanquished Creatures
  An orc priest (D:3)
  A hound (D:4)
  Robin (D:3)
  4 adders
  2 worms
  9 dart slugs (D:3)
  2 leopard geckos (D:1)
  9 orcs (D:3)
  2 ball pythons
  7 bats
  A giant cockroach (D:2)
  12 goblins
  8 hobgoblins
  2 jackals (D:2)
  5 kobolds
  A frilled lizard (D:3)
  A leopard gecko skeleton (D:3)
  6 rats
74 creatures vanquished.

Notes
Turn   | Place    | Note
-------+----------+-------------------------------------------
     0 | D:1      | kae the Hill Orc Fighter began the quest for the Orb.
     0 | D:1      | Reached XP level 1. HP: 19/19 MP: 1/1
   247 | D:1      | Reached skill level 3 in Axes
   305 | D:1      | Reached XP level 2. HP: 13/27 MP: 2/2
   959 | D:2      | Found a burning altar of Makhleb.
   972 | D:2      | Found a basalt altar of Yredelemnul.
   972 | D:2      | Found a bloodstained altar of Trog.
  1035 | D:2      | Reached XP level 3. HP: 33/33 MP: 3/3
  1535 | D:2      | Found an iron altar of Okawaru.
  1586 | D:2      | Reached skill level 1 in Dodging
  1587 | D:2      | Reached skill level 4 in Axes
  1811 | D:2      | Became a worshipper of Makhleb the Destroyer
  1834 | D:3      | Reached XP level 4. HP: 40/40 MP: 4/4
  2074 | D:3      | Reached skill level 1 in Invocations
  2329 | D:3      | Reached XP level 5. HP: 43/46 MP: 6/6
  2404 | D:3      | You fall into a shaft and drop 1 floor!
  2404 | D:4      | Found a broken altar of Ashenzari.
  2631 | D:3      | Found a sparkling altar of Nemelex Xobeh.
  2631 | D:3      | Found a transporter.
  2717 | D:3      | Noticed Robin
  2723 | D:3      | Reached * piety under Makhleb
  2726 | D:3      | Killed Robin
  2961 | D:3      | Noticed Sigmund
  3377 | D:3      | Reached skill level 5 in Axes
  4486 | D:3      | HP: 2/47 [something (7)]
  4487 | D:3      | Killed from afar by Sigmund

Illustrated notes

Levels and vault maps discovered:
D:1:      nzn_arrival_water_spiral, layout_loops_cross, minmay_misc_feat_chi
D:2:      layout_loops_ring, okawaru_metal_pillars_1_2, bloody_makhleb,
          gammafunk_temple_overflow_pools
D:3:      kennysheep_slugbush, layout_rooms, grunt_nemelex_the_gamble,
          uniq_robin, uniq_sigmund
D:4:      minmay_chambers_of_twos, layout_rooms, temple_statues,
          nicolae_ashenzari_panopticon

Skill      XL: |  1  2  3  4  5 |
---------------+----------------+-----
Axes           | 3 4 5 |  5.0
Fighting       | 4 |  4.5
Dodging        | 1 |  1.5
Invocations    | 1 2 |  2.5
Armour         | 4 |  4.1
Shields        | |  3.2

Action                   |  1- 3 |  4- 6 || total
-------------------------+-------+-------++-------
Melee: War axe           |    82 |   153 ||   235
  Use: Scroll            |     7 |       ||     7
       Potion            |       |     2 ||     2
Armor: Scale mail        |    40 |    96 ||   136
Dodge: Dodged            |    34 |    47 ||    81
Block: Kite shield       |    59 |    68 ||   127

Table legend: (Time is in decaauts)
 A = Elapsed time spent in this place.
 B = Non-inter-level travel time spent in this place.
 C = Inter-level travel time spent in this place.
 D = Time resting spent in this place.
 E = Time spent auto-exploring this place.
 F = Levels seen in this place.
 G = Mean time per level.
                   A        B        C        D        E       F      G
               +--------+--------+--------+--------+--------+-----+--------+
         Total |   4645 |   4341 |    304 |    585 |   3089 |   4 | 1161.2 |
       Dungeon |   4645 |   4341 |    304 |    585 |   3089 |   4 | 1161.2 |
               +--------+--------+--------+--------+--------+-----+--------+

Top non-repeatable levels by time:
     D:2: 2314 daAuts
     D:3: 1182 daAuts
     D:1: 945 daAuts
     D:4: 203 daAuts
